 Dungeon Crawl Stone Soup version 0.16-a0-922-gae79c9c (webtiles) character file.

166 Ololoev the Chucker (level 5, -2/41 HPs)
             Began as a Centaur Gladiator on Sept 30, 2014.
             Killed by divine providence
             ... invoked by an orc priest
              (12 damage)
             ... on Level 3 of the Dungeon.
             The game lasted 00:07:57 (2740 turns).

Ololoev the Chucker (Centaur Gladiator)             Turns: 2740, Time: 00:07:57

HP  -2/41        AC  6     Str 18      XL: 5   Next: 22%
MP   4/4         EV  9     Int  7      God:
Gold 206         SH  0     Dex 10      Spells:  0 memorised,  4 levels left

rFire  . . .     SeeInvis .     v - +0 blowgun
rCold  . . .     Clarity  .     b - +0 leather armour
rNeg   . . .     rCorr    .     (no shield)
rPois  .         rRot     .     c - +0 helmet
rElec  .         Spirit   .     (no cloak)
SustAb .         Warding  .     t - +0 pair of gloves
rMut   .         Stasis   .     (no barding)
Gourm  .                        (no amulet)
MR     +....                    (no ring)
                                i - ring of protection from magic

@: very quick, somewhat resistant to hostile enchantments, extremely unstealthy
A: hooves 3, deformed body, speed 2, tough skin 3
a: no special abilities


You were on level 3 of the Dungeon.
You were hungry.

You visited 1 branch of the dungeon, and saw 3 of its levels.

You collected 206 gold pieces.

Inventory:

Hand weapons
 a - a +0 long sword
 v - a +0 blowgun (weapon)
Missiles
 d - a throwing net
 w - 18 poisoned needles (quivered)
Armour
 b - a +0 leather armour (worn)
 c - a +0 helmet (worn)
 t - a +0 pair of gloves (worn)
Comestibles
 f - 2 bread rations
 g - 4 fruits
 k - a royal jelly
 o - 2 beef jerkies
 p - a slice of pizza
Scrolls
 e - 3 scrolls of teleportation {unknown}
 h - a scroll of remove curse {unknown}
 j - a scroll of noise {unknown}
 n - 2 scrolls of identify {unknown}
 r - a scroll of enchant armour {unknown}
 u - a scroll of blinking {unknown}
Jewellery
 i - a ring of protection from magic (left hand)
Potions
 l - 2 potions of curing {unknown}
 m - a potion of magic {unknown}
 q - a potion of haste {unknown}
 s - a potion of restore abilities {unknown}


   Skills:
 - Level 2.0 Fighting
 - Level 4.5 Long Blades
 + Level 4.9 Throwing
 - Level 2.1 Dodging


You had 4 spell levels left.
You didn't know any spells.

Dungeon Overview and Level Annotations

Branches:
Dungeon (3/15)

Altars:
Elyvilon


Innate Abilities, Weirdness & Mutations

You have hooves in place of feet.
Armour fits poorly on your strangely shaped body.
You cover ground very quickly.
You have extremely tough skin (AC +3).


Message History

The orc wizard is lightly wounded.
Firing (i - inventory. (,) - cycle):
w - 21 poisoned needles (quivered)
Press: ? - help, Shift-Dir - straight line, f/p - orc wizard
Aim: an orc wizard, wielding a dagger and wearing a robe (severely wounded, poisoned)
You shoot a poisoned needle.
The poisoned needle closely misses the orc wizard.
Firing (i - inventory. (,) - cycle):
w - 20 poisoned needles (quivered)
Press: ? - help, Shift-Dir - straight line, f/p - orc wizard
Aim: an orc wizard, wielding a dagger and wearing a robe (severely wounded, poisoned)
You shoot a poisoned needle.
The poisoned needle misses the orc wizard.
Firing (i - inventory. (,) - cycle):
w - 19 poisoned needles (quivered)
Press: ? - help, Shift-Dir - straight line, f/p - orc wizard
Aim: an orc wizard, wielding a dagger and wearing a robe (almost dead, poisoned)
You shoot a poisoned needle.
The poisoned needle closely misses the orc wizard.
You kill the orc wizard!
The orc priest invokes the aid of Beogh against you.
Something smites you!
You die...

#.####### #.#..._......#
#......<#######.#..........#
#######............).......#
#.#########..........#
#######.###.# #..........#
..........##.# #..........#
#######.....# ############
##..#.###########
#######...(@.....o..######
..................)(....>#
..........#######.#.####.#
########..# #.#.# #.#
#..#######.#.# #.#
#.%##....#.#.# #o# ########
#...#....#.#.# #(#
###......####.#.#....#.#.####(#
....o(.(o%(.)..o.).(.(.)..o...#


You could see an orc priest.

Vanquished Creatures
  An orc priest (D:3)
  An orc wizard (D:3)
  Jessica (D:2)
  Terence (D:2)
  2 adders
  A worm (D:2)
  3 giant geckos
  6 orcs (D:3)
  5 bats
  3 giant cockroaches
  5 goblins
  7 hobgoblins
  2 jackals (D:2)
  4 kobolds
  A ball python (D:3)
  4 giant newts
  4 rats
51 creatures vanquished.

Notes
Turn   | Place    | Note
--------------------------------------------------------------
     0 | D:1      | Ololoev, the Centaur Gladiator, began the quest for the Orb.
     0 | D:1      | Reached XP level 1. HP: 17/17 MP: 1/1
   280 | D:1      | Reached skill level 3 in Long Blades
   280 | D:1      | Reached XP level 2. HP: 18/24 MP: 2/2
  1041 | D:2      | Reached XP level 3. HP: 18/29 MP: 3/3
  1184 | D:2      | Noticed Jessica
  1191 | D:2      | Killed Jessica
  1435 | D:2      | Reached skill level 4 in Long Blades
  1435 | D:2      | Reached XP level 4. HP: 21/36 MP: 3/3
  1551 | D:2      | Noticed Terence
  1572 | D:2      | Killed Terence
  1945 | D:3      | Found a white marble altar of Elyvilon.
  2711 | D:3      | Reached XP level 5. HP: 15/41 MP: 4/4
  2740 | D:3      | Killed from afar by an orc priest

Action                   |  1- 3 |  4- 6 || total
-------------------------+-------+-------++-------
Melee: Long sword        |    92 |    60 ||   152
 Fire: Blowgun           |       |    16 ||    16
Throw: Throwing net      |     1 |     2 ||     3
  Eat: Chunk             |     1 |     3 ||     4
